 Dungeon Crawl Stone Soup version 0.32-a0-898-g7811c86cf0 (webtiles) character file.

Game seed: 1770155927651811259

111 audacious124 the Ruffian (level 4, -9/35 HPs)
             Began as a Draconian Shapeshifter on Apr 4, 2024.
             Was an Initiate of Ru.
             Splashed by a jelly's acid (10 damage)
             ... on level 3 of the Dungeon.
             The game lasted 00:03:38 (1785 turns).

audacious124 the Ruffian (Draconian Shapeshifter)   Turns: 1785, Time: 00:03:40

Health: -9/35      AC:  1    Str: 16    XL:     4   Next: 62%
Magic:  4/4        EV: 11    Int: 10    God:    Ru [......]
Gold:   130        SH:  0    Dex: 13    Spells: 3/3 levels left

rFire   . .          .
                       - Unarmed
rCold   . . .        (no shield)
rNeg    . . .        (body armour unavailable)
rPois   .            (helmet currently unavailable)
rElec   .            (cloak currently unavailable)
rCorr   .            (gloves currently unavailable)
SInv    .            (boots currently unavailable)
Will    .....        a - amulet of faith
Stlth   +            (no ring)
HPRegen 0.25/turn    (no ring)
MPRegen 0.09/turn

%: faith
@: beast-form, corroded
A: beast (slay +2), AC +5, unfitting armour, cold-blooded
a: Begin Untransformation, Renounce Religion


You were on level 3 of the Dungeon.
You worshipped Ru.
Ru was noncommittal.
You were a hulking beast.
You visited 1 branch of the dungeon, and saw 3 of its levels.

You collected 130 gold pieces.

Inventory:

Jewellery
 a - an amulet of faith (around neck)
 e - a ring of protection from fire
Talismans
 b - a beast talisman (active)
 c - a flux talisman
Scrolls
 d - 4 scrolls of noise
 i - 3 scrolls of teleportation
 l - a scroll of brand weapon
 m - a scroll of identify
 n - a scroll of amnesia {unknown}
Potions
 f - 2 potions of heal wounds {unknown}
 g - a potion of mutation {unknown}
 h - a potion of resistance {unknown}
 j - a potion of degeneration {unknown}


   Skills:
 + Level 1.1 Fighting
 + Level 1.9 Dodging
 + Level 0.2 Stealth
 + Level 4.5 Unarmed Combat
 + Level 3.8 Shapeshifting


You had 3 spell levels left.
You didn't know any spells.
Your spell library contained the following spells:

 Spells                   Type           Power      Damage    Failure   Level
 Sting                    Conj/Alch      0%         1d3       36%         1
 Call Imp                 Summ           0%         N/A       50%         2
 Mercury Vapours          Alch/Air       0%         N/A       50%         2
 Sublimation of Blood     Necr           0%         N/A       50%         2
 Olgreb's Toxic Radiance  Alch           0%         N/A       98%         4
 Petrify                  Alch/Erth      0%         N/A       98%         4
 Irradiate                Conj/Alch      0%         3d11      100%        5
 Summon Mana Viper        Hex/Summ       0%         N/A       100%        5
 Summon Hydra             Summ           0%         N/A       100%        7
 Disjunction              Tloc           0%         N/A       100%        8
 Animate Armour           Summ/Erth      Unusable   N/A       N/A         4

Dungeon Overview and Level Annotations

Branches:
Dungeon (3/15)

Altars:
Makhleb
Ru

Shops:
D:2 :


Innate Abilities, Weirdness & Mutations

You are a hulking beast.
Your limbs bulge with bestial killing power. (Slay +2)
Your plain brown scales are hard. (AC +5)
You cannot fit into any form of body armour.
You are cold-blooded and may be slowed by cold attacks.


Message History

The endoplasm is almost dead.
The endoplasm hits you.
The endoplasm hits you but does no damage.
The endoplasm hits the fungus. x3
You punch the endoplasm!
You kill the endoplasm!
A nearby fungus withers and dies.
The jelly completely misses you. The endoplasm freezes you.
You are frozen.
You hit the jelly. The acid corrodes you!
Your hands burn!
You tail-slap the jelly, but do no damage.
The jelly is moderately wounded.
You feel yourself speed up.
The endoplasm hits you but does no damage.
The jelly hits you.
You are splashed with acid!
* * * LOW HITPOINT WARNING * * *
The endoplasm barely misses you. The endoplasm hits you.
* * * LOW HITPOINT WARNING * * *
The jelly closely misses you.
The endoplasm hits you but does no damage.
The endoplasm hits the toadstool.
Something hits the toadstool.
You feel better. The jelly hits you but does no damage.
You hit the jelly.
Your hands burn!
The jelly is severely wounded.
The jelly hits you.
You are splashed with acid.
* * * LOW HITPOINT WARNING * * *
You hit the jelly.
Your hands burn!
* * * LOW HITPOINT WARNING * * *
The jelly is severely wounded.
The jelly barely misses you.
Something hits the toadstool.
The toadstool is destroyed!
You hit the jelly.
Your hands burn!
* * * LOW HITPOINT WARNING * * *
The jelly is almost dead.
The jelly hits you.
* * * LOW HITPOINT WARNING * * *
You are splashed with acid!
You die...
Ru respects your ultimate sacrifice.

#.. ### #..
#÷.....##.####### #..
#...PP÷#.#.#....#######..
#.J...÷#.#.#.....##......
#P.P..P#)#'#......'.#.#.#
#÷.....#.#........'...#..
#.P...J#.#.......)'.###..
#.....J#h#.......##)# ###
#P÷..JJJ##......###.#
#..÷÷.J########## #.#
####### #..# #.## #. ..
#.. #..


You could see a jelly and 3 endoplasms.

Vanquished Creatures
  Jessica (D:2)
  3 gnolls (D:2)
  An adder (D:3)
  2 orcs (D:3)
  5 bats
  4 endoplasms
  A giant cockroach (D:2)
  5 goblins
  3 hobgoblins
  9 kobolds
  2 quokkas (D:3)
  3 ball pythons (D:2)
  3 frilled lizards
  A rat (D:3)
43 creatures vanquished.

Notes
Turn   | Place    | Note
-------+----------+-------------------------------------------
     0 | D:1      | audacious124 the Draconian Shapeshifter began the quest for
                  | the Orb.
     0 | D:1      | Reached XP level 1. HP: 16/16 MP: 1/1
   280 | D:1      | Reached XP level 2. HP: 20/23 MP: 2/2
   720 | D:2      | Found Dihon's Vocational Training.
   866 | D:2      | Reached XP level 3. HP: 6/28 MP: 3/3
   869 | D:2      | Reached skill level 4 in Unarmed Combat
   976 | D:2      | Identified the +7 dagger "Leips" {elec, rElec rF+ Will+}
   991 | D:2      | Noticed Jessica
   997 | D:2      | Killed Jessica
   998 | D:2      | Reached XP level 4. HP: 35/35 MP: 4/4
  1092 | D:2      | Got the Atlas of Parabolic Command
  1260 | D:2      | Found a sacrificial altar of Ru.
  1277 | D:2      | Became a worshipper of Ru the Awakened
  1569 | D:3      | Found a burning altar of Makhleb.
  1785 | D:3      | HP: 1/35 [jelly (2)]
  1785 | D:3      | Splashed by a jelly's acid

Illustrated notes

Levels and vault maps discovered:
D:1:      evilmike_arrival_plus, layout_basic
D:2:      layout_loops_cross, basic_altar, nicolae_shop_vocational, uniq_jessica
D:3:      cheibrodos_fertilizer, layout_loops_cross, amcnicky_altar_gilded

Skill      XL: |  1  2  3 |
---------------+----------+-----
Unarmed Combat | 4 |  4.5
Fighting       | |  1.1
Dodging        | |  1.9
Stealth        | |  0.2
Shapeshifting  | |  3.8

Action                     |  1- 3 |  4- 6 || total
---------------------------+-------+-------++-------
  Melee: Unarmed           |    44 |    72 ||   116
         Tailslap          |     2 |     8 ||    10
         Punch             |       |     1 ||     1
    Use: Scroll            |     5 |     1 ||     6
         Potion            |     2 |     1 ||     3
   Stab: Sleeping          |       |     2 ||     2
 Armour: Skin              |    51 |    30 ||    81
  Dodge: Dodged            |    29 |    36 ||    65

Table legend: (Time is in decaauts)
 A = Elapsed time spent in this place.
 B = Non-inter-level travel time spent in this place.
 C = Inter-level travel time spent in this place.
 D = Time resting spent in this place.
 E = Time spent auto-exploring this place.
 F = Levels seen in this place.
 G = Mean time per level.
                   A        B        C        D        E       F      G
               +--------+--------+--------+--------+--------+-----+--------+
         Total |   1779 |   1728 |     51 |      0 |   1444 |   3 |  593.0 |
       Dungeon |   1779 |   1728 |     51 |      0 |   1444 |   3 |  593.0 |
               +--------+--------+--------+--------+--------+-----+--------+

Top non-repeatable levels by time:
     D:2: 776 daAuts
     D:1: 662 daAuts
     D:3: 339 daAuts
